 Dungeon Crawl Stone Soup version 0.20-a0-820-g557356e (webtiles) character file.

832987 M4edhros the Imperceptible (level 27, -6/256 HPs)
             Began as an Octopode Artificer on Mar 2, 2017.
             Was the Champion of Fedhas.
             Killed from afar by a Brimstone Fiend (44 damage)
             ... with damnation
             ... on level 7 of the Iron City of Dis on Mar 4, 2017.
             The game lasted 04:26:03 (87905 turns).

M4edhros the Imperceptible (Octopode Artificer)    Turns: 87905, Time: 04:26:03

Health: -6/256     AC: 26    Str: 14    XL:     27
Magic:  29/41      EV: 38    Int: 23    God:    Fedhas [******]
Gold:   2323       SH: 16    Dex: 34    Spells: 14/65 levels left

rFire    + + +     SeeInvis +   D - +8 demon trident (elec)
rCold    + + +     Gourm    .   c - +0 shield of the Evening {+Fly Str-5 Dex+7 Slay+4}
rNeg     + + +     Faith    .   j - +0 hat "Gimeit" {+Blink +Inv Dex+3 SInv}
rPois    ∞         Spirit   .   x - amulet of regeneration
rElec    +         Reflect  .   t - ring of Uqobeaj {rElec rN+ Str-3 Dex+3 Slay+4}
rCorr    .         Harm     .   H - ring "Noss" {Wiz rF+ Str+4}
MR       +++++                  T - ring of Aqolim {rN+ MR+ Str+3 SInv Stlth+}
Stlth    ++++++++++             e - +6 ring of strength
Regen    1.4/turn               d - ring "Qeor" {rPois rF+ rC+ MR+ Str-4}
MPRegen  0.3/turn               i - +4 ring of evasion
                                Y - ring of Zolluojae {+Fly rElec MR+ Int+7}
                                Q - ring "Voenn" {rF+ rC+}

@: statue-form, slightly contaminated, drained, very slow
A: almost no armour, stealthy swim, amphibious, 8 rings, constrict 8, tentacle
spike 1, (icy blue scales 0), (molten scales 0), (yellow scales 0), camouflage
1, clumsy 1, cold resistance 1, low mp 1, poison resistance, regeneration 1,
strong 1, (gelatinous body 0), subdued magic 1
}: 5/15 runes: serpentine, barnacled, silver, obsidian, bone
a: End Transformation, Fungal Bloom, Evolution, Sunlight, Growth, Reproduction,
Rain, Renounce Religion, Evoke Blink, Evoke Invisibility, Evoke Flight


You were on level 7 of the Iron City of Dis.
You worshipped Fedhas.
Fedhas was exalted by your worship.
You were not hungry.
You were a stone statue.
You visited 15 branches of the dungeon, and saw 72 of its levels.
You visited 3 bazaars.
You also visited: Bailey, Ice Cave and Desolation.

You collected 11294 gold pieces.
You spent 8971 gold pieces at shops.

Inventory:

Hand Weapons
 b - the +10 hunting sling of the Dead {velocity, rElec}
   (You bought it in a shop on level 2 of the Orcish Mines)

   Any stone fired from it inflicts extra damage.
   It insulates you from electricity.
 D - a +8 demon trident of electrocution (weapon)
 V - the +2 Maxwell's thermic engine {flame, freeze, rF- rC-}
   (You found it on level 7 of the Iron City of Dis)

   It has been specially enchanted to burn those struck by it, causing extra
   injury to most foes and up to half again as much damage against particularly
   susceptible opponents.
   Big, fiery blades are also staple armaments of hydra-hunters.
   It makes you vulnerable to fire.
   It makes you vulnerable to cold.
Missiles
 z - 1353 stones (quivered)
 B - 360 sling bullets
Armour
 c - the +0 shield of the Evening (worn) {+Fly Str-5 Dex+7 Slay+4}
   (You acquired it on level 1 of the Crypt)

   It affects your strength (-5).
   It affects your dexterity (+7).
   It affects your accuracy and damage with ranged weapons and melee attacks
   (+4).
   It lets you fly.
 j - the +0 hat "Gimeit" (worn) {+Blink +Inv Dex+3 SInv}
   (You found it on level 6 of the Lair of Beasts)

   It affects your dexterity (+3).
   It lets you see invisible.
   It lets you turn invisible.
   It lets you blink.
Jewellery
 a - a +4 amulet of reflection
 d - the ring "Qeor" (on tentacle) {rPois rF+ rC+ MR+ Str-4}
   (You took it off a spriggan air mage on level 4 of the Depths)

   [ring of protection from magic]

   It affects your strength (-4).
   It protects you from fire.
   It protects you from cold.
   It protects you from poison.
   It affects your resistance to hostile enchantments.
 e - a +6 ring of strength (on tentacle)
 i - a +4 ring of evasion (on tentacle)
 m - an uncursed ring of fire {unknown}
 o - the cursed necklace of Bloodlust {*Rage +Rage MR++ Int-3 Slay+6 *Curse}
   (You found it on level 2 of the Depths)

   [amulet of rage]

   It affects your intelligence (-3).
   It affects your accuracy and damage with ranged weapons and melee attacks
   (+6).
   It affects your resistance to hostile enchantments.
   It lets you go berserk.
   It may make you go berserk in combat.
   It curses itself when equipped.
   It has a curse placed upon it.
 t - the ring of Uqobeaj (left tentacle) {rElec rN+ Str-3 Dex+3 Slay+4}
   (You bought it in a shop on level 1 of the Elven Halls)

   [ring of slaying]

   It affects your strength (-3).
   It affects your dexterity (+3).
   It affects your accuracy and damage with ranged weapons and melee attacks
   (+4).
   It insulates you from electricity.
   It protects you from negative energy.
 x - an amulet of regeneration (around mantle)
 F - an uncursed ring of wizardry
 H - the ring "Noss" (right tentacle) {Wiz rF+ Str+4}
   (You found it on level 7 of Tartarus)

   [ring of wizardry]

   It improves your spell success rate.
   It affects your strength (+4).
   It protects you from fire.
 P - a +1 ring of evasion
 Q - the ring "Voenn" (on tentacle) {rF+ rC+}
   (You found it on level 2 of the Snake Pit)

   [ring of protection from fire]

   It protects you from fire.
   It protects you from cold.
 T - the ring of Aqolim (on tentacle) {rN+ MR+ Str+3 SInv Stlth+}
   (You took it off a kobold on level 9 of the Dungeon)

   [ring of strength]

   It affects your strength (+3).
   It protects you from negative energy.
   It affects your resistance to hostile enchantments.
   It lets you see invisible.
   It makes you more stealthy.
 Y - the ring of Zolluojae (on tentacle) {+Fly rElec MR+ Int+7}
   (You took it off a deep elf high priest on level 5 of the Vaults)

   [ring of flight]

   It affects your intelligence (+7).
   It insulates you from electricity.
   It affects your resistance to hostile enchantments.
   It lets you fly.
Wands
 s - a wand of digging (4/24)
 u - a wand of lightning (5/15)
 K - a wand of acid (4/15)
 S - a wand of iceblast (8/15)
Scrolls
 f - 4 scrolls of blinking
 w - a scroll of enchant armour
 A - 2 scrolls of summoning
 E - 2 scrolls of magic mapping
 G - 7 scrolls of recharging
 I - a scroll of immolation
 L - 9 scrolls of fog
 U - 2 scrolls of teleportation
Potions
 h - 2 potions of invisibility
 k - a potion of magic
 l - 4 potions of haste
 C - 3 potions of heal wounds
 J - 3 potions of might
 O - a potion of resistance
 R - 5 potions of curing
 W - 6 potions of agility
Miscellaneous
 g - a lightning rod (4/4)
 r - 5 phantom mirrors
 v - a lamp of fire
 y - the horn of Geryon
 M - 2 sacks of spiders
 N - a box of beasts
Comestibles
 p - 32 fruits
 q - 18 meat rations


   Skills:
 + Level 18.7(18.6) Fighting
   Level 1.0(0.9) Short Blades
 - Level 12.0(11.9) Polearms
 - Level 12.0(11.9) Slings
 - Level 17.7(17.6) Dodging
 + Level 22.4(22.2) Stealth
 - Level 16.6(16.5) Shields
 * Level 19.5(19.4) Spellcasting
 - Level 3.4(3.3) Conjurations
 - Level 8.0(7.9) Charms
 * Level 13.0(12.9) Summonings
 * Level 16.0(15.9) Necromancy
 - Level 10.5(10.4) Translocations
 - Level 13.2(13.1) Transmutations
 - Level 6.2(6.1) Fire Magic
 - Level 15.5(15.3) Air Magic
 - Level 11.8(11.7) Earth Magic
 - Level 8.4(8.3) Poison Magic
 - Level 19.0(18.9) Invocations
 + Level 15.1(15.0) Evocations


You had 14 spell levels left.
You knew the following spells:

 Your Spells              Type           Power        Failure   Level  Hunger
a - Mephitic Cloud        Conj/Pois/Air  #####...     1%          3    None
b - Blink                 Tloc           N/A          1%          2    None
c - Ignite Poison         Fire/Tmut/Pois #####...     1%          3    None
d - Summon Forest         Summ/Tloc      ######....   1%          5    None
e - Deflect Missiles      Chrm/Air       ######....   1%          6    ###....
f - Summon Lightning Spi  Summ/Air       ######..     1%          4    None
g - Inner Flame           Hex/Fire       ####....     1%          3    None
h - Statue Form           Tmut/Erth      ######...    1%          6    ###....
i - Aura of Abjuration    Summ           ######....   1%          5    None
j - Control Undead        Necr           ######....   0%          4    None
k - Dispersal             Tloc           ######....   1%          6    ###....
l - Apportation           Tloc           ######       0%          1    None
m - Regeneration          Chrm/Necr      ######....   1%          3    None


Dungeon Overview and Level Annotations

Branches:
Dungeon (15/15)            Temple (1/1) D:5            Lair (6/6) D:8
 Shoals (4/4) Lair:3        Snake (4/4) Lair:4        Slime (2/5) Lair:5
    Orc (2/2) D:12            Elf (3/3) Orc:2        Vaults (5/5) D:13
  Crypt (3/3) Vaults:3       Tomb (0/3) Crypt:3      Depths (5/5) D:15
   Hell (1/1)                 Dis (7/7) Hell            Geh (7/7) Hell
    Coc (0/7) Hell            Tar (7/7) Hell            Zot (0/5) Depths:5

Altars:
Ashenzari
Cheibriados
Dithmenos
Elyvilon
Fedhas
Gozag
Hepliaklqana
Kikubaaqudgha
Makhleb
Nemelex Xobeh
Okawaru
Qazlal
Ru
Sif Muna
Trog
Uskayaw
Vehumet
Wu Jian
Xom
Yredelemnul
Zin
The Shining One
Beogh
Jiyva

Shops:
D:5 %   D:8 [   D:9 (   D:13 ?   Orc:2 [(*%   Elf:1 =}}=   Elf:3 !   Shoals:2 :
Snake:4 }[[   Vaults:3 !   Vaults:4 ?   Vaults:5 %!?=!!(:=??%   Depths:1 (
Depths:4 *

Portals:
Hell: Hell Depths:1 Depths:2 Depths:3 Depths:4 Depths:5
Abyss: Depths:4
Pandemonium: Depths:3
Ziggurat: Depths:5


Innate Abilities, Weirdness & Mutations

You cannot wear most types of armour.
You are very stealthy in the water. (Stealth+)
You are amphibious.
You can wear up to eight rings at the same time.
You can use your tentacles to constrict eight enemies at once.
Your skin changes colour to match your surroundings (Stealth+).
((Your rubbery body absorbs attacks. (AC +1, EV +1)))
One of your tentacles bears a spike.
((You are partially covered in icy blue scales. (AC +2)))
((You are partially covered in molten scales. (AC +2)))
((You are partially covered in yellow scales. (AC +2)))
You are clumsy. (Dex -2)
Your flesh is cold resistant. (rC+)
Your magical capacity is low. (-10% MP)
Your system is resistant to poisons. (rPois)
Your natural rate of healing is unusually fast.
Your muscles are strong. (Str +2)
Your spells are a little easier to cast, but a little less powerful.


Message History

Lightning courses through the Brimstone Fiend!
You pierce the Brimstone Fiend.
You squeeze the Brimstone Fiend!
The Brimstone Fiend is heavily wounded.
The Brimstone Fiend gestures at you.
The sphere of damnation explodes!
The damnation engulfs you!
* * * LOW HITPOINT WARNING * * *
The damnation engulfs the Brimstone Fiend.
The Brimstone Fiend completely resists.
You feel much better. The Brimstone Fiend hits you.
* * * LOW HITPOINT WARNING * * *
The Brimstone Fiend misses you.
The Brimstone Fiend completely misses you. x3
You block the Brimstone Fiend's attack.
You puncture the Brimstone Fiend!
You pierce the Brimstone Fiend, but do no damage.
The Brimstone Fiend is heavily wounded.
The Brimstone Fiend gestures at you.
The sphere of damnation explodes!
The damnation engulfs you!
You die...
Fedhas appreciates your contribution to the ecosystem.

*,,,,,*,,..,,,*,,,,,,,,,,,,
*,,,,,*,##'#***,*,*,*,*,*,*
*,,,,,*,#...,,*************
*,,,,,*,*...,,+,,*,,+,,*,,#
*,,,,,***#'#***,,+,,*,,+,,#
*,,,,,,,*#.################
*,,,,,,**#................#
*,,,,,,,*#1...............'
*,,,,,,**#8################
*,,,,,,,*#..#,+,,,,,*,,,,,#
*,,,,,,**#..#,*,,,,,*,,,,,#
*,,,,,,,*#..#,*******,,,,,#
#......#*#..#,,,,,,,,,,,,,,
#.......*##'#,,,,,,,,,,****
#......##*,.#,*,,*,,*,,,,,*
#.......**,..,,,,,,,,,,,,,,
#......##*,,,,,,,,,,,,,,,,,


You could see a Brimstone Fiend.

Vanquished Creatures
  Asmodeus (Geh:7)
  Ereshkigal (Tar:7)
  2 ancient liches (Crypt:3)
  3 juggernauts
  Boris (Crypt:2)
  Vashnia (Snake:3)
  A curse toe (Crypt:3)
  A caustic shrike (Depths:4)
  Geryon (Hell)
  7 golden dragons
  13 bone dragons
  the Enchantress (Depths:1)
  8 doom hounds
  33 Tzitzimimeh
  8 iron giants (Dis:7)
  14 Brimstone Fiends
  Jorgrun (Shoals:3)
  8 tentacled monstrosities
  6 liches
  4 Ice Fiends
  A deep elf blademaster (Elf:3)
  Rupert (D:13)
  6 Hell Sentinels
  5 titans
  An acid blob (Slime:1)
  A deep elf master archer (Elf:3)
  6 quicksilver dragons
  A kraken (Shoals:4)
  16 sphinxes
  2 eldritch tentacles
  3 Executioners
  The ghost of krfreak the Severer, an adept MiNe of Wu Jian (D:15)
  5 tengu reavers
  18 ancient champions
  10 shadow dragons
  11 storm dragons
  2 revenants
  7 nagarajas
  10 frost giants
  Ilsuiw (Shoals:4)
  The ghost of Mulkerokala the Spry, an adept DESu of Hepliaklqana (Elf:3)
  14 fire giants
  13 balrugs
  7 deep elf sorcerers
  15 vault wardens
  7 iron dragons
  2 cacodemons
  4 curse skulls
  An orc warlord (Orc:2)
  A draconian scorcher (Depths:5)
  An imperial myrmidon (Desolation)
  17 ironheart preservers
  A draconian stormcaller (Depths:5)
  65 reapers
  3 deep elf elementalists
  5 spriggan defenders
  A draconian annihilator (Depths:5)
  13 war gargoyles
  An entropy weaver (shapeshifter) (Depths:3)
  16 very ugly things
  2 entropy weavers
  A green draconian (Depths:5)
  A yellow draconian (Depths:5)
  10 vampire knights
  28 stone giants
  12 deep elf demonologists
  5 deep elf annihilators
  3 lorocyprocas
  2 halazid warlocks (Desolation)
  2 purple draconians (Depths:5)
  11 ettins
  6 spark wasps
  An eidolon (Tar:7)
  2 merfolk javelineers (Depths:2)
  3 blizzard demons
  2 green deaths
  2 crystal guardians (Desolation)
  The ghost of Mulkerokala the Convoker, a journeyman DESu of Ashenzari (Orc:2)
  6 quicksilver dragon zombies
  10 fire dragons
  14 deep elf death magi
  Snorg (D:13)
  A mummy priest (Crypt:3)
  13 yaktaur captains
  25 jiangshi
  10 great orbs of eyes
  18 ogre magi
  7 servants of whispers (Desolation)
  37 vault guards
  6 rakshasas
  11 merfolk impalers
  6 quicksilver dragon skeletons
  14 naga warriors
  2 hell beasts
  4 deep elf high priests
  5 ragged hierophants (Desolation)
  9 ice dragons
  An alligator snapping turtle (Shoals:4)
  2 peacekeepers (Desolation)
  9 spriggan air magi
  10 centaur warriors
  10 anacondas
  A catoblepas (Lair:6)
  16 hydras
  35 two-headed ogres
  4 death knights
  A death scarab (Crypt:3)
  3 satyrs
  3 deep troll earth magi
  6 merfolk aquamancers
  5 tengu warriors
  12 vampire magi
  4 hell hogs (Hell)
  8 deep troll shamans
  11 naga sharpshooters
  19 dancing weapons
  8 shock serpents
  7 storm dragon zombies
  8 spriggan berserkers
  5 orc high priests (Orc:2)
  An iron golem (Dis:1)
  34 soul eaters
  17 sun demons
  3 titan zombies
  20 deep elf knights
  4 wandering mushrooms
  28 shadow wraiths
  17 hell knights
  4 salamander mystics
  10 sea snakes
  136 skeletal warriors
  A fire crab (shapeshifter) (Vaults:2)
  3 golden dragon zombies
  A sixfirhy (Hell)
  6 titan skeletons
  15 shadow demons
  4 ghost moth zombies
  2 anaconda zombies
  3 death drakes
  7 shadow dragon zombies
  21 deep trolls
  8 wizards
  2 storm dragon skeletons
  6 naga ritualists
  9 glowing orange brains
  A kraken simulacrum (Shoals:4)
  18 deep elf archers
  20 phantasmal warriors
  17 flayed ghosts
  7 unseen horrors
  27 ironbrand convokers
  5 golden dragon skeletons
  4 anaconda skeletons
  12 necromancers
  29 harpies
  A lindwurm (Lair:6)
  A wolf spider zombie (Dis:7)
  17 orc knights
  5 wolf spiders
  A shining eye (Slime:1)
  5 shadow dragon skeletons
  73 deep elf magi
  A sphinx skeleton (Vaults:5)
  5 fire giant zombies
  10 mana vipers
  22 salamanders
  10 orc sorcerers
  53 ugly things
  9 cyclopes
  22 manticores
  5 fauns
  8 frost giant zombies
  A wolf spider (shapeshifter) (Vaults:2)
  3 iron dragon zombies
  A salamander (shapeshifter) (Vaults:4)
  5 fire giant skeletons
  3 iron dragon skeletons
  A cyclops (shapeshifter) (Depths:4)
  A human skeleton (Vaults:5)
  7 stone giant zombies
  17 elephants
  38 rust devils
  2 dire elephant zombies
  5 water nymphs
  6 merfolk sirens
  An ice statue (IceCv)
  A moth of wrath (shapeshifter) (Depths:4)
  2 centaur zombies (D:13)
  12 vault sentinels
  4 frost giant skeletons
  6 stone giant skeletons
  2 shock serpent zombies
  2 smoke demons
  Maurice (D:9)
  A torpor snail (Lair:2)
  6 guardian serpents
  18 naga magi
  An eye of devastation (Slime:1)
  17 hellions
  35 black mambas
  7 spiny frogs
  5 molten gargoyles (Geh:7)
  An emperor scorpion zombie (Geh:6)
  A gargoyle (D:13)
  A shock serpent skeleton (Tar:3)
  6 rime drakes
  A catoblepas skeleton (Tar:4)
  An anaconda simulacrum (Hell)
  16 freezing wraiths
  15 ice devils
  9 komodo dragons
  50 yaktaurs
  2 dire elephant skeletons
  A demonic crawler (Hell)
  3 efreet (Depths:3)
  6 tengu conjurers
  A kobold demonologist (D:15)
  27 tormentors
  A grey draconian skeleton (Crypt:1)
  23 red devils
  A silent spectre (Tar:7)
  A jumping spider (Vaults:4)
  31 merfolk
  A queen bee (D:13)
  A polar bear (shapeshifter) (D:14)
  4 hydra zombies
  6 meliai
  2 harpy skeletons
  9 trolls
  7 hornets
  25 polar bears
  42 slime creatures
  9 wind drakes
  2 fire dragon zombies
  3 raiju (Lair:6)
  A raiju (shapeshifter) (Vaults:3)
  7 hydra skeletons
  45 saltlings
  9 dream sheep
  A hippogriff (shapeshifter) (D:13)
  7 snapping turtles
  A frost giant simulacrum (Vaults:1)
  9 blink frogs
  14 hippogriffs
  3 alligator zombies
  3 ettin zombies
  12 air elementals
  2 satyr skeletons (Crypt:1)
  A redback (Vaults:4)
  6 ettin skeletons
  19 shadows
  3 black mamba zombies
  3 ice dragon zombies
  36 water elementals
  3 ice dragon skeletons
  2 spriggans (shapeshifter)
  3 wyverns
  40 yaks
  126 flying skulls
  26 wraiths
  Sigmund (D:2)
  8 spriggans
  A vampire (D:15)
  4 fire dragon skeletons
  A hog (shapeshifter) (Elf:3)
  18 fire elementals
  A steam dragon (D:13)
  44 ogres
  3 basilisks
  2 vampire mosquitoes (D:13)
  Menkaure (D:5)
  4 hungry ghosts
  A merfolk zombie (Geh:7)
  10 wargs
  54 nagas
  A swamp worm (shapeshifter) (Depths:3)
  5 acid dragons
  9 water moccasins
  Duvessa (D:4)
  4 spiny frog zombies
  61 hell hounds
  10 porcupines
  A merfolk skeleton (Crypt:3)
  An infernal demonspawn skeleton (Crypt:2)
  2 floating eyes
  A sky beast (shapeshifter) (Vaults:1)
  A faun skeleton (Crypt:3)
  4 sky beasts
  A spiny frog skeleton (Crypt:2)
  62 orc warriors
  13 black bears
  2 manticore zombies
  A snapping turtle zombie (Tar:4)
  3 ettin simulacra (Depths:3)
  5 phantoms
  4 ice beasts
  15 necrophages
  2 eyes of draining
  A swamp dragon zombie (Dis:6)
  A lindwurm skeleton (Crypt:2)
  36 wolves
  8 boggarts
  16 centaurs
  A manticore skeleton (Tar:7)
  A dream sheep skeleton (Crypt:1)
  A blink frog skeleton (Crypt:1)
  2 snapping turtle skeletons
  A swamp dragon skeleton (Tar:1)
  13 crocodiles
  2 big kobolds
  A yaktaur zombie (Crypt:1)
  An elf zombie (Tar:2)
  16 bullfrogs
  A gnoll sergeant (D:10)
  An elf skeleton (Tar:4)
  A glowing shapeshifter simulacrum (Depths:1)
  A spiny frog simulacrum (Hell)
  4 earth elementals
  A rime drake skeleton (Crypt:3)
  A yaktaur skeleton (Crypt:3)
  5 scorpions
  2 cyclops skeletons
  A troll zombie (Tar:7)
  A spriggan zombie (Tar:4)
  39 killer bees
  A human simulacrum (Vaults:1)
  43 wights
  A warg skeleton (Crypt:2)
  A spriggan skeleton (Crypt:2)
  2 electric eels (Lair:2)
  4 howler monkeys (D:9)
  13 crimson imps
  3 jellies
  7 hounds
  A hound (shapeshifter) (Vaults:4)
  3 bullfrog skeletons
  26 orc priests
  9 centaur skeletons
  20 iron imps
  14 orc wizards
  7 iguanas
  8 worker ants
  Natasha (thrice) (D:2)
  2 yak simulacra (D:13)
  A naga zombie (Dis:6)
  An ogre zombie (Tar:7)
  A tengu zombie (Tar:7)
  A demigod skeleton (Crypt:3)
  A naga skeleton (Crypt:2)
  A felid skeleton (Crypt:2)
  A hound skeleton (D:4)
  2 mummies
  Robin (D:2)
  10 gnolls
  13 adders
  20 shadow imps
  A steam dragon skeleton (Crypt:2)
  A white imp (Vaults:3)
  An ooze (D:3)
  An ooze (shapeshifter) (Vaults:1)
  2 adder skeletons
  2 ball lightnings (Desolation)
  4 leopard geckos
  117 orcs
  2 ball pythons
  A bat skeleton (Crypt:1)
  5 giant cockroaches
  8 goblins
  14 hobgoblins
  6 jackals
  33 kobolds
  10 quokkas
  4 bats
  4 frilled lizards
  2 frilled lizard skeletons
  A frilled lizard zombie (Crypt:2)
  A goblin zombie (Crypt:2)
  A kobold skeleton (Geh:7)
  An orc skeleton (Tar:7)
  An orc zombie (Dis:1)
  3 quokka skeletons
  8 rats
  2 ballistomycetes
  6 ballistomycete spores
  A fire vortex (Geh:7)
  A tentacle (Shoals:4)
  9 toadstools
3539 creatures vanquished.

Vanquished Creatures (collateral kills)
  An iron giant (Dis:7)
  A Brimstone Fiend (Geh:7)
  A Tzitzimitl (Tar:7)
  A Hell Sentinel (Dis:7)
  A tentacled monstrosity (Vaults:5)
  A deep elf blademaster (Elf:3)
  A titan (Vaults:5)
  A quicksilver dragon (Dis:7)
  A deep elf master archer (Elf:3)
  An ancient champion (Dis:7)
  A tengu reaver (Vaults:5)
  2 sphinxes
  2 shadow dragons
  2 nagarajas (Snake:4)
  2 fire giants (Vaults:5)
  3 deep elf sorcerers
  2 balrugs
  3 frost giants
  2 imperial myrmidons (Desolation)
  A vault warden (Vaults:2)
  A deep elf elementalist (Elf:3)
  A stone giant (Vaults:5)
  3 reapers
  A deep elf demonologist (Elf:3)
  3 deep elf annihilators (Elf:3)
  An eidolon (Tar:7)
  A merfolk javelineer (Shoals:4)
  4 naga warriors
  A ragged hierophant (Desolation)
  A deep elf high priest (Vaults:5)
  2 servants of whispers (Desolation)
  3 yaktaur captains (Vaults:5)
  The ghost of emsyzz the Carver, a journeyman DsFi of Ashenzari (Lair:3)
  4 vault guards
  2 peacekeepers (Desolation)
  A centaur warrior (D:13)
  A catoblepas (Lair:6)
  A two-headed ogre (D:15)
  3 anacondas
  A merfolk aquamancer (Shoals:4)
  A death yak (Lair:2)
  A satyr (Shoals:4)
  A dancing weapon (Elf:3)
  The ghost of Laan the Cleaver, a novice FoFi of Makhleb (D:7)
  A shock serpent (Snake:4)
  A vampire mage (Tar:4)
  A sun demon (Geh:1)
  2 naga sharpshooters
  3 soul eaters (Tar:7)
  2 hell knights (Geh:5)
  11 skeletal warriors
  2 sea snakes (Shoals:4)
  A storm dragon skeleton (Geh:7)
  An anaconda zombie (Tar:5)
  A salamander mystic (Snake:2)
  An unseen horror (Tar:7)
  An ironbrand convoker (Vaults:5)
  A flayed ghost (Tar:7)
  A shadow demon (Tar:7)
  A deep elf archer (Vaults:5)
  An orc knight (Vaults:5)
  A golden dragon skeleton (Geh:5)
  A necromancer (Geh:5)
  2 ugly things
  4 deep elf magi
  A stone giant zombie (Dis:5)
  3 mana vipers
  5 fauns (Shoals:4)
  2 orc sorcerers
  2 cyclopes (Shoals:4)
  5 elephants
  A rust devil (Dis:1)
  4 water nymphs (Shoals:4)
  2 vault sentinels (Vaults:5)
  A fire giant skeleton (Geh:7)
  A guardian serpent (Snake:1)
  4 merfolk sirens
  4 naga magi
  8 black mambas
  2 molten gargoyles
  A spiny frog (Lair:6)
  A tormentor (Dis:7)
  An efreet (D:14)
  2 red devils
  3 polar bears (IceCv)
  4 merfolk
  A raiju (Lair:6)
  A hornet (Depths:1)
  5 blink frogs
  An ice dragon zombie (Geh:5)
  A hippogriff (D:10)
  6 saltlings (Desolation)
  2 snapping turtles (Shoals:4)
  7 flying skulls
  2 water elementals
  A vampire (D:14)
  4 fire elementals
  12 yaks
  A vampire mosquito (D:14)
  3 wargs
  14 nagas
  A soldier ant (D:13)
  A hell hound (Lair:6)
  A necrophage (Tar:7)
  6 orc warriors
  3 ice beasts
  7 ogres
  4 wolves
  5 centaurs
  The ghost of Mulkerokala the Caller, an amateur DESu (D:3)
  4 bullfrogs
  Dowan (D:4)
  A wyvern skeleton (D:14)
  A scorpion (D:14)
  A killer bee (D:8)
  The ghost of M4edhros the Sneak, a weakling OpAr (D:4)
  2 crimson imps
  A hound (D:14)
  3 orc priests
  5 orc wizards
  4 iron imps
  An iguana (D:4)
  4 yak simulacra (D:13)
  2 polar bear simulacra (D:13)
  2 worker ants
  2 wolf simulacra (D:13)
  A gnoll (D:10)
  An adder (D:4)
  A shadow imp (Tar:7)
  A ball lightning (Desolation)
  30 orcs
  A hobgoblin (Bailey)
  A goblin (Bailey)
  A kobold (D:7)
  A river rat simulacrum (D:13)
  6 ballistomycete spores
336 creatures vanquished.

Vanquished Creatures (others)
  The ghost of WhatIsLove the Stormcaller, an adept TeAE of Sif Muna (Desolation)
  A sphinx (Depths:4)
  2 eldritch tentacles
  A storm dragon (Vaults:4)
  5 ghouls
  3 yaktaur captains
  A rakshasa (Depths:4)
  A naga sharpshooter (Snake:4)
  A vault guard (Vaults:1)
  2 centaur warriors
  2 anacondas
  An ogre mage (D:13)
  A shock serpent (Snake:3)
  A deep troll (Depths:1)
  A phantasmal warrior (Vaults:5)
  2 deep elf archers
  An orc knight (Vaults:3)
  2 necromancers (Geh:5)
  An ironbrand convoker (Vaults:1)
  15 oklob plants
  A wolf spider zombie (Crypt:3)
  2 manticores (Shoals:4)
  A faun (Shoals:3)
  A guardian serpent (Snake:4)
  A rust devil (Dis:7)
  A merfolk siren (Shoals:4)
  A frost giant skeleton (Tar:2)
  A hellion (Geh:7)
  9 yaktaurs
  2 tormentors
  A troll (Orc:2)
  3 meliai (D:13)
  2 saltlings (Desolation)
  3 merfolk
  A harpy skeleton (Hell)
  2 bog bodies (Crypt:3)
  2 flying skulls
  A black mamba zombie (Geh:7)
  An air elemental (Depths:5)
  4 orc warriors
  3 nagas
  A hell hound (Geh:5)
  A hornet zombie (D:9)
  2 ogres (Vaults:5)
  A black mamba simulacrum (Hell)
  4 necrophages
  2 centaurs
  A snapping turtle skeleton (Crypt:3)
  A queen bee zombie (Crypt:2)
  A spriggan zombie (Hell)
  A crimson imp (Hell)
  A soldier ant zombie (Crypt:1)
  A jelly (D:13)
  An orc wizard (D:13)
  An iron imp (Hell)
  A human skeleton (Hell)
  2 worker ants (D:13)
  A mummy (Dis:2)
  2 worker ant zombies
  An adder (D:3)
  11 ball lightnings (Desolation)
  4 orcs (D:13)
  An orc zombie (Geh:7)
  32 wandering mushrooms
  239 ballistomycetes
  48 ballistomycete spores
  3 bushes
  40 fungi
  3 hyperactive ballistomycetes (D:13)
  43 plants
  2 snaplasher vines
  11 tentacles (Shoals:4)
  2221 toadstools
2772 creatures vanquished.

Grand Total: 6647 creatures vanquished

Notes
Turn   | Place    | Note
-------+----------+-------------------------------------------
     0 | D:1      | M4edhros the Octopode Artificer began the quest for the Orb.
     0 | D:1      | Reached XP level 1. HP: 13/13 MP: 3/3
   139 | D:2      | Noticed Natasha
   144 | D:2      | Noticed Sigmund
   149 | D:2      | Killed Natasha
   149 | D:2      | Reached skill level 4 in Stealth
   149 | D:2      | Reached XP level 2. HP: 11/18 MP: 4/4
   149 | D:2      | Reached XP level 3. HP: 14/23 MP: 5/5
   159 | D:2      | Killed Sigmund
   159 | D:2      | Reached skill level 7 in Stealth
   159 | D:2      | Reached XP level 4. HP: 28/28 MP: 6/6
   159 | D:2      | Reached XP level 5. HP: 33/33 MP: 7/7
   240 | D:2      | Noticed Natasha
   250 | D:2      | Killed Natasha
   283 | D:3      | Reached skill level 8 in Stealth
   558 | D:4      | Reached XP level 6. HP: 38/38 MP: 8/8
   778 | D:4      | Reached skill level 9 in Stealth
  1331 | D:4      | Noticed Dowan
  1333 | D:4      | Noticed M4edhros's ghost (weakling OpAr)
  1335 | D:4      | Noticed Duvessa
  1343 | D:4      | Killed M4edhros's ghost
  1376 | D:4      | Killed Duvessa
  1376 | D:4      | Reached skill level 10 in Stealth
  1376 | D:4      | Reached XP level 7. HP: 33/43 MP: 9/9
  1488 | D:4      | Killed Dowan
  1494 | D:4      | Reached skill level 11 in Stealth
  1839 | D:5      | Entered Level 5 of the Dungeon
  1839 | D:5      | Found a staircase to the Ecumenical Temple.
  1848 | Temple   | Entered the Ecumenical Temple
  1917 | Temple   | Became a worshipper of Fedhas Madash
  2093 | D:2      | Noticed Natasha
  2110 | D:2      | Killed Natasha
  2329 | D:1      | Reached * piety under Fedhas
  3099 | D:2      | Noticed Robin
  3105 | D:2      | Killed Robin
  3341 | D:3      | Reached ** piety under Fedhas
  3464 | D:3      | Found a hide-covered altar of Uskayaw.
  3479 | D:3      | Noticed Mulkerokala's ghost (amateur DESu)
  3492 | D:3      | Killed Mulkerokala's ghost
  3492 | D:3      | Reached skill level 1 in Invocations
  3643 | D:3      | Found a glowing silver altar of Zin.
  4096 | D:5      | Reached XP level 8. HP: 20/48 MP: 10/10
  4097 | D:5      | Noticed Menkaure
  4193 | D:5      | Found a radiant altar of Vehumet.
  4214 | D:5      | Found an iron altar of Okawaru.
  4264 | D:5      | Found Wiuphacvig's Food Shoppe.
  4365 | D:5      | Reached skill level 12 in Stealth
  4378 | D:5      | Killed Menkaure
  4793 | D:6      | Noticed a hippogriff
  4811 | D:6      | Killed a hippogriff
  4825 | D:6      | Found a basalt altar of Yredelemnul.
  4825 | D:6      | Found a faded altar of an unknown god.
  4830 | D:6      | Found a shimmering altar of Xom.
  4832 | D:6      | Found a faded altar of an unknown god.
  4834 | D:6      | Found a stormy altar of Qazlal.
  4900 | D:6      | Found a hazy altar of Hepliaklqana.
  5254 | D:7      | Reached XP level 9. HP: 52/57 MP: 10/12
  5402 | D:7      | Reached *** piety under Fedhas
  5458 | D:7      | Noticed Laan's ghost (novice FoFi)
  5506 | D:7      | Killed Laan's ghost
  5506 | D:7      | Reached skill level 5 in Invocations
  5667 | D:7      | Reached skill level 13 in Stealth
  5975 | D:8      | Reached skill level 5 in Dodging
  6081 | D:8      | Found an ornate altar of the Wu Jian Council.
  6229 | D:8      | Reached skill level 5 in Fighting
  6270 | D:8      | Reached XP level 10. HP: 66/66 MP: 15/15
  6283 | D:8      | Found Iladang's Antique Armour Shoppe.
  6420 | D:8      | Found a staircase to the Lair.
  6535 | D:9      | Noticed Maurice
  6570 | D:9      | Killed Maurice
  6785 | D:9      | Learned a level 3 spell: Mephitic Cloud
  6788 | D:9      | Learned a level 2 spell: Blink
  6842 | D:9      | Got a translucent brass ring
  6843 | D:9      | Identified the ring of Aqolim {rN+ MR+ Str+3 SInv Stlth+} (You took it off a kobold on level 9 of the Dungeon)
  6917 | D:9      | Got a brightly glowing rapier
  6918 | D:9      | Identified the +8 rapier of Duty {drain, rF+ MP+9 Str-3 Stlth+} (You found it on level 9 of the Dungeon)
  6946 | D:9      | Found Zousyffi's Antique Weapon Emporium.
  7152 | D:9      | Found an opulent altar of Gozag.
  7270 | D:10     | Entered Level 10 of the Dungeon
  7270 | D:10     | Noticed a two-headed ogre
  7279 | D:10     | Killed a two-headed ogre
  7371 | D:10     | Reached **** piety under Fedhas
  7447 | D:10     | Reached skill level 14 in Stealth
  7459 | D:10     | Gained mutation: You are partially covered in slimy green scales. (AC +2) [mutagenic meat]
  7521 | D:10     | Gained mutation: Your muscles are strong. (Str +2) [mutagenic meat]
  7522 | D:10     | Gained mutation: You are covered in fur. (AC +1) [mutagenic meat]
  7523 | D:10     | Gained mutation: You passively map a small area around you. [mutagenic meat]
  7525 | D:10     | Gained mutation: Your spells are a little harder to cast, but a little more powerful. [mutagenic meat]
  7644 | D:10     | Reached XP level 11. HP: 21/74 MP: 18/18
  7912 | D:10     | Noticed a two-headed ogre
  7928 | D:10     | Killed a two-headed ogre
  8231 | D:11     | Reached skill level 10 in Invocations
  8553 | D:11     | Noticed a white ugly thing
  8558 | D:11     | Killed a white ugly thing
  9034 | D:12     | Upgraded the game from 0.20-a0-800-g4a616ed to 0.20-a0-820-g557356e
  9037 | D:12     | Found a staircase to the Orcish Mines.
  9146 | D:12     | Noticed a purple ugly thing
  9149 | D:12     | Killed a purple ugly thing
  9153 | D:12     | Lost mutation: You are covered in fur. (AC +1) [mutagenic meat]
  9154 | D:12     | Gained mutation: You occasionally shout uncontrollably at your foes. [mutagenic meat]
  9155 | D:12     | Lost mutation: Your spells are a little harder to cast, but a little more powerful. [mutagenic meat]
  9378 | D:12     | Noticed a manticore
  9388 | D:12     | Killed a manticore
  9506 | D:12     | Reached skill level 15 in Stealth
  9624 | D:12     | Reached XP level 12. HP: 82/82 MP: 20/20
  9971 | D:13     | Reached ***** piety under Fedhas
  9999 | D:13     | Found a gate to the Vaults.
  9999 | D:13     | Noticed a four-headed hydra
  9999 | D:13     | Noticed a vault guard
  9999 | D:13     | Noticed a vault guard
  9999 | D:13     | Noticed a vault guard
  9999 | D:13     | Noticed a vault guard
 10018 | D:13     | Lost mutation: You passively map a small area around you. [potion of mutation]
 10018 | D:13     | Lost mutation: You occasionally shout uncontrollably at your foes. [potion of mutation]
 10018 | D:13     | Lost mutation: You are partially covered in slimy green scales. (AC +2) [potion of mutation]
 10018 | D:13     | Lost mutation: Your muscles are strong. (Str +2) [potion of mutation]
 10018 | D:13     | Gained mutation: You are weak. (Str -2) [potion of mutation]
 10018 | D:13     | Gained mutation: Your flesh is heat resistant. (rF+) [potion of mutation]
 10018 | D:13     | Gained mutation: Your flesh is very heat resistant. (rF++) [potion of mutation]
 10042 | D:13     | HP: 2/82 [vault guard/broad axe (17)]
 10048 | D:13     | Killed a vault guard
 10048 | D:13     | Killed a vault guard
 10048 | D:13     | Reached skill level 1 in Spellcasting
 10048 | D:13     | Killed a vault guard
 10048 | D:13     | Reached skill level 1 in Conjurations
 10048 | D:13     | Reached skill level 1 in Air Magic
 10048 | D:13     | Reached skill level 1 in Poison Magic
 10049 | D:13     | Killed a four-headed hydra
 10067 | D:13     | Killed a vault guard
 10305 | D:13     | Noticed Snorg
 10338 | D:13     | Killed Snorg
 10351 | D:13     | Found Raogh's Magic Scroll Boutique.
 10382 | D:13     | Noticed Rupert
 10402 | D:13     | Killed Rupert
 10403 | D:13     | Reached XP level 13. HP: 41/89 MP: 22/22
 10676 | D:13     | Lost mutation: You are weak. (Str -2) [potion of mutation]
 10676 | D:13     | Lost mutation: Your flesh is very heat resistant. (rF++) [potion of mutation]
 10676 | D:13     | Gained mutation: You evolve. [potion of mutation]
 10676 | D:13     | Gained mutation: You are resistant to hostile enchantments. (MR+) [potion of mutation]
 10721 | D:13     | Bought a scroll of enchant weapon for 135 gold pieces
 10721 | D:13     | Bought a scroll of fear for 63 gold pieces
 10834 | D:14     | Found a frozen archway.
 11011 | D:14     | Gained mutation: You are highly resistant to hostile enchantments. (MR++) [mutagenic meat]
 11050 | D:14     | Found a flagged portal.
 11064 | Bailey   | Entered a bailey
 11445 | IceCv    | Entered an ice cave
 11754 | IceCv    | Noticed a frost giant
 11790 | IceCv    | Killed a frost giant
 11894 | IceCv    | Got a brightly glowing battleaxe
 12214 | IceCv    | Reached skill level 5 in Spellcasting
 12623 | D:14     | Gained mutation: You have a pair of small antennae on your head. [evolution]
 12677 | D:14     | Gained mutation: Your natural rate of healing is unusually fast. [mutagenic meat]
 12679 | D:14     | Gained mutation: You tend to lose your temper in combat. [mutagenic meat]
 13028 | D:15     | Entered Level 15 of the Dungeon
 13082 | D:15     | Reached skill level 1 in Shields
 13105 | D:15     | Gained mutation: You are partially covered in rugged brown scales. (AC +1, +3% HP) [mutagenic meat]
 13106 | D:15     | Gained mutation: Your body sometimes deteriorates upon taking damage. [mutagenic meat]
 13109 | D:15     | Gained mutation: You are occasionally teleported next to monsters. [mutagenic meat]
 13129 | D:15     | Reached XP level 14. HP: 41/99 MP: 24/24
 13495 | D:15     | Lost mutation: You are highly resistant to hostile enchantments. (MR++) [mutagenic meat]
 13824 | D:15     | Found a staircase to the Depths.
 14067 | D:15     | Reached skill level 5 in Evocations
 14194 | D:15     | Reached skill level 10 in Dodging
 14417 | Orc:1    | Entered Level 1 of the Orcish Mines
 14635 | Orc:1    | Reached skill level 5 in Shields
 14947 | Orc:1    | Found a bloodstained altar of Trog.
 15051 | Orc:2    | Entered Level 2 of the Orcish Mines
 15057 | Orc:2    | Reached skill level 10 in Fighting
 15197 | Orc:2    | Found a roughly hewn altar of Beogh.
 15198 | Orc:2    | Noticed an orc warlord
 15375 | Orc:2    | Noticed Mulkerokala's ghost (journeyman DESu)
 15598 | Orc:2    | Found a roughly hewn altar of Beogh.
 15598 | Orc:2    | Noticed a stone giant
 15602 | Orc:2    | Killed a stone giant
 15686 | Orc:2    | Found Jaawoc's Food Boutique.
 15690 | Orc:2    | Bought 4 fruits for 72 gold pieces
 15690 | Orc:2    | Bought 4 fruits for 72 gold pieces
 15690 | Orc:2    | Bought 4 fruits for 72 gold pieces
 15690 | Orc:2    | Bought 4 fruits for 72 gold pieces
 15766 | Orc:2    | Found Fowuawi's Assorted Antiques.
 15777 | Orc:2    | Bought a potion of mutation for 304 gold pieces
 15777 | Orc:2    | Lost mutation: Your flesh is heat resistant. (rF+) [potion of mutation]
 15777 | Orc:2    | Lost mutation: You tend to lose your temper in combat. [potion of mutation]
 15777 | Orc:2    | Lost mutation: Your body sometimes deteriorates upon taking damage. [potion of mutation]
 15777 | Orc:2    | Gained mutation: You are partially covered in icy blue scales. (AC +2) [potion of mutation]
 16313 | Orc:2    | Found Ziteocke's Antique Weapon Boutique.
 16322 | Orc:2    | Reached XP level 15. HP: 96/106 MP: 26/26
 16326 | Orc:2    | Bought an ancient hunting sling for 247 gold pieces
 16326 | Orc:2    | Identified the +10 hunting sling of the Dead {velocity, rElec} (You bought it in a shop on level 2 of the Orcish Mines)
 16366 | Orc:2    | Found Odghiz's Armour Shop.
 16413 | Orc:2    | Reached skill level 1 in Slings
 16420 | Orc:2    | Reached ****** piety under Fedhas
 16580 | Orc:2    | Found a staircase to the Elven Halls.
 16785 | Orc:2    | Killed an orc warlord
 16917 | Orc:2    | Reached skill level 15 in Invocations
 17146 | Lair:1   | Entered Level 1 of the Lair of Beasts
 17216 | Lair:1   | Found a glowing golden altar of the Shining One.
 18777 | Lair:3   | Noticed emsyzz's ghost (journeyman DsFi)
 18790 | Lair:3   | Killed emsyzz's ghost
 18890 | Lair:3   | Reached skill level 5 in Slings
 19046 | Lair:3   | Found a staircase to the Shoals.
 19704 | Lair:4   | Found a staircase to the Snake Pit.
 20830 | Lair:5   | Gained mutation: Your mind is acute. (Int +2) [evolution]
 20856 | Lair:5   | Found a staircase to the Slime Pits.
 20857 | Lair:5   | Found a viscous altar of Jiyva.
 21497 | Lair:6   | Entered Level 6 of the Lair of Beasts
 21542 | Lair:6   | Reached XP level 16. HP: 83/112 MP: 27/27
 21829 | Lair:6   | Learned a level 3 spell: Ignite Poison
 22052 | Lair:6   | Reached skill level 1 in Transmutations
 22065 | Lair:6   | Reached skill level 10 in Shields
 22190 | Lair:6   | Got a brightly glowing hat
 22209 | Lair:6   | Identified the +0 hat "Gimeit" {+Blink +Inv Dex+3 SInv} (You found it on level 6 of the Lair of Beasts)
 23349 | Snake:1  | Entered Level 1 of the Snake Pit
 23523 | Snake:2  | Reached skill level 1 in Fire Magic
 24109 | Snake:2  | Reached skill level 5 in Poison Magic
 24164 | Snake:2  | Gained mutation: Your mind is very acute. (Int +4) [evolution]
 24510 | Snake:2  | Got a shimmering brass ring
 24511 | Snake:2  | Identified the ring "Voenn" {rF+ rC+} (You found it on level 2 of the Snake Pit)
 24715 | Snake:1  | Reached XP level 17. HP: 83/118 MP: 28/28
 25136 | Snake:1  | Gained mutation: You are clumsy. (Dex -2) [mutagenic meat]
 25395 | Lair:6   | Lost mutation: You are clumsy. (Dex -2) [potion of mutation]
 25395 | Lair:6   | Lost mutation: You are resistant to hostile enchantments. (MR+) [potion of mutation]
 25395 | Lair:6   | Lost mutation: Your mind is very acute. (Int +4) [potion of mutation]
 25395 | Lair:6   | Lost mutation: You evolve. [potion of mutation]
 25395 | Lair:6   | Lost mutation: Your mind is acute. (Int +2) [potion of mutation]
 25395 | Lair:6   | Gained mutation: You are surrounded by a mild repulsion field. (EV +2) [potion of mutation]
 25395 | Lair:6   | Lost mutation: Your natural rate of healing is unusually fast. [potion of mutation]
 25395 | Lair:6   | Gained mutation: You have supernaturally acute eyesight. (SInv) [potion of mutation]
 25396 | Lair:6   | Lost mutation: You are partially covered in icy blue scales. (AC +2) [potion of mutation]
 25396 | Lair:6   | Lost mutation: You have a pair of small antennae on your head. [potion of mutation]
 25396 | Lair:6   | Lost mutation: You have supernaturally acute eyesight. (SInv) [potion of mutation]
 25396 | Lair:6   | Gained mutation: You tend to lose your temper in combat. [potion of mutation]
 25396 | Lair:6   | Gained mutation: You are partially covered in iridescent scales. (AC +2) [potion of mutation]
 25396 | Lair:6   | Gained mutation: Your muscles are strong. (Str +2) [potion of mutation]
 25515 | Lair:2   | Lost mutation: Your muscles are strong. (Str +2) [potion of mutation]
 25515 | Lair:2   | Lost mutation: You tend to lose your temper in combat. [potion of mutation]
 25515 | Lair:2   | Gained mutation: Your skin blends seamlessly with your surroundings (Stealth++). [potion of mutation]
 25515 | Lair:2   | Gained mutation: You are covered in fur. (AC +1) [potion of mutation]
 25649 | Snake:3  | Noticed Vashnia
 25709 | Snake:3  | Killed Vashnia
 26327 | Snake:3  | Reached skill level 5 in Transmutations
 28302 | Snake:4  | Entered Level 4 of the Snake Pit
 28337 | Snake:4  | Found a flickering gateway to a bazaar.
 28363 | Snake:4  | Gained mutation: You expend magic power (3 MP) to strengthen your wands. [mutagenic meat]
 28365 | Snake:4  | Gained mutation: You are robust. (+10% HP) [mutagenic meat]
 28368 | Bazaar   | Entered a bazaar
 28372 | Bazaar   | Found Etusuth's Jewellery Boutique.
 28390 | Bazaar   | Found Acefiliu's Armour Emporium.
 28408 | Bazaar   | Found Konwua's Book Boutique.
 28426 | Bazaar   | Found Tenolex's Antique Armour Shoppe.
 28465 | Bazaar   | Bought a manual of Shields for 993 gold pieces
 28497 | Bazaar   | Bought the ring "Tyraiff" {Dex+4 Stlth+} for 394 gold pieces
 28497 | Bazaar   | Bought a +3 ring of protection for 252 gold pieces
 28617 | Snake:4  | Reached skill level 5 in Fire Magic
 28693 | Snake:4  | Reached skill level 10 in Slings
 29647 | Snake:4  | Reached XP level 18. HP: 136/136 MP: 29/29
 29711 | Snake:4  | Lost mutation: You expend magic power (3 MP) to strengthen your wands. [potion of mutation]
 29711 | Snake:4  | Lost mutation: You are partially covered in iridescent scales. (AC +2) [potion of mutation]
 29711 | Snake:4  | Gained mutation: Your mind is acute. (Int +2) [potion of mutation]
 29711 | Snake:4  | Gained mutation: Your body sometimes deteriorates upon taking damage. [potion of mutation]
 29711 | Snake:4  | Gained mutation: You are resistant to hostile enchantments. (MR+) [potion of mutation]
 30455 | Snake:4  | Found Yzalooma's Antique Armour Shop.
 30457 | Snake:4  | Found Xary's Armour Boutique.
 30459 | Snake:4  | Found Inuorch's Gadget Shop.
 31305 | Snake:4  | Got a serpentine rune of Zot
 32039 | Elf:1    | Entered Level 1 of the Elven Halls
 32367 | Elf:1    | Found Tuoq's Jewellery Shoppe.
 32392 | Elf:1    | Bought a +4 ring of strength for 378 gold pieces
 33743 | Elf:1    | Identified Ceitedd's Compendium of Attacks and Companions
 33755 | Elf:1    | Learned a level 5 spell: Summon Forest
 33934 | Elf:1    | Found Kuejeqee's Jewellery Shop.
 33934 | Elf:1    | Found Goizoc's Gadget Shoppe.
 33935 | Elf:1    | Found Livaug's Gadget Shoppe.
 34000 | Elf:1    | Reached XP level 19. HP: 145/145 MP: 31/31
 34093 | Elf:2    | Reached skill level 1 in Translocations
 34175 | Elf:2    | Found a runed gate.
 34175 | Elf:2    | Found a runed gate.
 34175 | Elf:2    | Found a runed gate.
 34264 | Elf:2    | Reached skill level 1 in Summonings
 34340 | Elf:2    | Found a flickering gateway to a bazaar.
 34632 | Bazaar   | Entered a bazaar
 34632 | Bazaar   | Found Naseamas's Gadget Boutique.
 34632 | Bazaar   | Found Igguewki's Food Shop.
 34632 | Bazaar   | Found Hyseedeu's Distillery.
 34632 | Bazaar   | Found Kuiny's Food Shop.
 34632 | Bazaar   | Found Lit Ong's Antique Armour Boutique.
 34816 | Bazaar   | Bought a potion of heal wounds for 35 gold pieces
 34816 | Bazaar   | Bought a potion of heal wounds for 35 gold pieces
 34816 | Bazaar   | Bought a potion of heal wounds for 35 gold pieces
 34816 | Bazaar   | Bought a potion of agility for 28 gold pieces
 34816 | Bazaar   | Bought a potion of might for 28 gold pieces
 34823 | Bazaar   | Bought 2 fruits for 24 gold pieces
 34828 | Bazaar   | Bought a potion of haste for 70 gold pieces
 34831 | Bazaar   | Bought a fruit for 15 gold pieces
 34840 | Bazaar   | Bought a potion of curing for 21 gold pieces
 35209 | Elf:3    | Entered Level 3 of the Elven Halls
 35364 | Elf:3    | Noticed Mulkerokala's ghost (adept DESu)
 35373 | Elf:3    | Killed Mulkerokala's ghost
 35412 | Elf:3    | Reached skill level 15 in Shields
 36559 | Elf:3    | Identified the Guide on the Birds
 36667 | Elf:3    | Found Riohojil's Distillery.
 36679 | Elf:3    | Bought a potion of heal wounds for 65 gold pieces
 36679 | Elf:3    | Bought a potion of mutation for 104 gold pieces
 36679 | Elf:3    | Bought a potion of heal wounds for 65 gold pieces
 36679 | Elf:3    | Lost mutation: Your body sometimes deteriorates upon taking damage. [potion of mutation]
 36679 | Elf:3    | Lost mutation: You are robust. (+10% HP) [potion of mutation]
 36679 | Elf:3    | Lost mutation: You are resistant to hostile enchantments. (MR+) [potion of mutation]
 36679 | Elf:3    | Gained mutation: You evolve. [potion of mutation]
 36679 | Elf:3    | Gained mutation: One of your tentacles bears a spike. [potion of mutation]
 36732 | Elf:3    | Identified Sif Muna's Handbook of the Helpful Glacier
 36742 | Elf:3    | Learned a level 6 spell: Deflect Missiles
 36804 | Elf:3    | Learned a level 4 spell: Summon Lightning Spire
 36804 | Elf:3    | Identified the Papyrus of Floating Clay
 36907 | Elf:3    | Reached XP level 20. HP: 102/142 MP: 32/32
 37519 | D:8      | Gained mutation: You are partially covered in large bone plates. (SH +4) [evolution]
 37704 | Snake:4  | Got a brightly glowing hunting sling
 37705 | Snake:4  | Identified the +8 hunting sling of Theory {freeze, *Corrode Dex+8} (You took it off a naga on level 4 of the Snake Pit)
 37859 | Slime:1  | Entered Level 1 of the Pits of Slime
 38320 | Shoals:1 | Entered Level 1 of the Shoals
 38328 | Shoals:1 | Reached skill level 1 in Charms
 39202 | Shoals:2 | Reached skill level 5 in Air Magic
 39817 | Shoals:2 | Found Cuun's Book Shop.
 40549 | Shoals:3 | Noticed Jorgrun
 40582 | Shoals:3 | Killed Jorgrun
 40582 | Shoals:3 | Reached skill level 5 in Summonings
 42023 | Shoals:4 | Entered Level 4 of the Shoals
 42032 | Shoals:4 | Noticed Ilsuiw
 42053 | Shoals:4 | Reached skill level 5 in Translocations
 42067 | Shoals:4 | Killed Ilsuiw
 43169 | Shoals:4 | Got a barnacled rune of Zot
 43446 | Shoals:4 | Reached XP level 21. HP: 69/150 MP: 33/33
 43556 | Shoals:4 | Identified the Volume of Hexes and Ignition
 44235 | Vaults:1 | Entered Level 1 of the Vaults
 44314 | D:13     | Gained mutation: One of your tentacles bears a nasty spike. [evolution]
 46433 | D:13     | Gained mutation: Scrolls take you a little longer to read. [mutagenic meat]
 46434 | D:13     | Gained mutation: Your mind is very acute. (Int +4) [mutagenic meat]
 51260 | Vaults:1 | Learned a level 3 spell: Inner Flame
 51744 | Vaults:1 | Reached skill level 5 in Charms
 52316 | Vaults:2 | Reached skill level 1 in Polearms
 53430 | Orc:2    | Killed Mulkerokala's ghost
 54719 | Vaults:2 | Gained mutation: You are clumsy. (Dex -2) [mutagenic meat]
 54906 | Vaults:2 | Reached XP level 22. HP: 150/159 MP: 34/34
 54948 | Vaults:2 | Got a pitted tin amulet
 54951 | Vaults:2 | Identified the amulet "Irummir" {Faith rElec} (You found it on level 2 of the Vaults)
 55116 | Vaults:3 | HP: 1/159 [entropy weaver (11)]
 55440 | Vaults:3 | Found a ruined gateway.
 55448 | Desolati | Entered the Desolation of Salt
 55518 | Desolati | HP: 1/160 [halazid warlock/bolt of negative energy (19)]
 55527 | Desolati | Got a wavering turquoise ring
 55530 | Desolati | Identified the Incunabulum of Bodily Humours
 55851 | Desolati | Identified Vujacig's Handbook of Moulding and Clay
 55876 | Desolati | Noticed WhatIsLove's ghost (adept TeAE)
 55884 | Desolati | Identified the ring "Kanukodgh" {rCorr *Corrode rF+ Dex+2} (You found it in the Desolation of Salt)
 55910 | Desolati | Killed WhatIsLove's ghost
 55921 | Desolati | Reached skill level 5 in Polearms
 55981 | Desolati | HP: 7/160 [ragged hierophant/a resonance strike (15)]
 56658 | Desolati | Reached skill level 15 in Fighting
 57212 | Desolati | Identified Boplauwn's Incunabulum of Attacks
 57214 | Desolati | Identified the Compendium of Frigorific Changing
 57223 | Desolati | Got a clouded golden ring
 57654 | Desolati | Identified the ring of Xikhydwa {Ice *Corrode rN++ SInv} (You found it in the Desolation of Salt)
 57866 | Vaults:3 | Found Silotie's Distillery.
 57883 | Vaults:3 | Learned a level 6 spell: Statue Form
 57889 | Vaults:3 | Bought a potion of mutation for 144 gold pieces
 57889 | Vaults:3 | Lost mutation: One of your tentacles bears a nasty spike. [potion of mutation]
 57889 | Vaults:3 | Lost mutation: One of your tentacles bears a spike. [potion of mutation]
 57889 | Vaults:3 | Lost mutation: Scrolls take you a little longer to read. [potion of mutation]
 57889 | Vaults:3 | Lost mutation: Your mind is very acute. (Int +4) [potion of mutation]
 57889 | Vaults:3 | Lost mutation: You evolve. [potion of mutation]
 57889 | Vaults:3 | Gained mutation: One of your tentacles bears a spike. [potion of mutation]
 57890 | Vaults:3 | Bought a potion of mutation for 144 gold pieces
 57890 | Vaults:3 | Lost mutation: You are clumsy. (Dex -2) [potion of mutation]
 57890 | Vaults:3 | Lost mutation: One of your tentacles bears a spike. [potion of mutation]
 57890 | Vaults:3 | Lost mutation: Your mind is acute. (Int +2) [potion of mutation]
 57890 | Vaults:3 | Lost mutation: You are occasionally teleported next to monsters. [potion of mutation]
 57890 | Vaults:3 | Lost mutation: You are partially covered in rugged brown scales. (AC +1, +3% HP) [potion of mutation]
 57890 | Vaults:3 | Lost mutation: You are partially covered in large bone plates. (SH +4) [potion of mutation]
 57890 | Vaults:3 | Lost mutation: Your skin blends seamlessly with your surroundings (Stealth++). [potion of mutation]
 57890 | Vaults:3 | Gained mutation: Your muscles are strong. (Str +2) [potion of mutation]
 57915 | Vaults:3 | Reached skill level 1 in Earth Magic
 57972 | Vaults:3 | Gained mutation: You possess an exceptional clarity of mind. [mutagenic meat]
 57973 | Vaults:3 | Gained mutation: You are clumsy. (Dex -2) [mutagenic meat]
 57974 | Vaults:3 | Lost mutation: Your muscles are strong. (Str +2) [mutagenic meat]
 58021 | Vaults:3 | Found a staircase to the Crypt.
 59145 | Crypt:1  | Entered Level 1 of the Crypt
 59188 | Crypt:1  | Identified a scroll of acquirement
 59191 | Crypt:1  | Got an ancient shield
 59202 | Crypt:1  | Identified the +0 shield of the Evening {+Fly Str-5 Dex+7 Slay+4} (You acquired it on level 1 of the Crypt)
 59335 | Crypt:1  | Reached XP level 23. HP: 93/162 MP: 35/35
 59642 | Crypt:1  | Reached skill level 5 in Earth Magic
 61080 | Vaults:4 | Found Heicuuf's Magic Scroll Shoppe.
 61309 | Vaults:4 | HP: 6/162 [storm dragon (3)]
 61655 | Vaults:4 | Reached skill level 10 in Transmutations
 62727 | Crypt:2  | Noticed Boris
 62734 | Crypt:2  | Killed Boris
 62825 | Crypt:2  | Reached skill level 10 in Spellcasting
 63515 | Crypt:3  | Entered Level 3 of the Crypt
 64028 | Crypt:3  | Reached XP level 24. HP: 170/170 MP: 32/37
 64208 | Crypt:3  | Found a staircase to the Tomb.
 64220 | Crypt:3  | Noticed a curse toe
 64253 | Crypt:3  | Killed a curse toe
 64411 | Crypt:3  | Noticed an ancient lich
 64411 | Crypt:3  | Noticed an ancient lich
 64955 | Crypt:3  | Reached skill level 10 in Earth Magic
 65396 | Crypt:3  | Killed an ancient lich
 65400 | Crypt:3  | Killed an ancient lich
 65441 | Crypt:3  | Learned a level 5 spell: Aura of Abjuration
 66873 | Elf:1    | Bought the ring of Uqobeaj {rElec rN+ Str-3 Dex+3 Slay+4} for 1346 gold pieces
 67175 | Vaults:5 | Entered Level 5 of the Vaults
 68410 | Vaults:4 | Reached XP level 25. HP: 175/175 MP: 37/39
 68537 | Vaults:4 | Reached skill level 15 in Dodging
 68923 | Vaults:5 | Learned a level 4 spell: Control Undead
 68950 | Vaults:5 | Reached skill level 16 in Stealth
 69207 | Vaults:5 | Got a flickering amber ring
 69221 | Vaults:5 | Identified the ring of Zolluojae {+Fly rElec MR+ Int+7} (You took it off a deep elf high priest on level 5 of the Vaults)
 69315 | Vaults:5 | Reached skill level 1 in Necromancy
 69330 | Vaults:5 | HP: 5/227 [tengu reaver/bolt of magma (16)]
 69330 | Vaults:5 | HP: 1/227 [battlesphere[a tengu reaver] (4)]
 69358 | Vaults:5 | HP: 10/227 [fire giant/great sword of flaming (15)]
 69788 | Vaults:5 | Found Ylodwir's Food Emporium.
 69851 | Vaults:5 | Lost mutation: You are clumsy. (Dex -2) [potion of mutation]
 69851 | Vaults:5 | Lost mutation: You possess an exceptional clarity of mind. [potion of mutation]
 69851 | Vaults:5 | Lost mutation: You are covered in fur. (AC +1) [potion of mutation]
 69851 | Vaults:5 | Lost mutation: You are surrounded by a mild repulsion field. (EV +2) [potion of mutation]
 69851 | Vaults:5 | Gained mutation: Scrolls take you a little longer to read. [potion of mutation]
 69851 | Vaults:5 | Gained mutation: You are partially covered in slimy green scales. (AC +2) [potion of mutation]
 69851 | Vaults:5 | Gained mutation: You are mostly covered in slimy green scales. (AC +3) [potion of mutation]
 69862 | Vaults:5 | Found Loum's Distillery.
 69866 | Vaults:5 | Bought a potion of mutation for 144 gold pieces
 69866 | Vaults:5 | Bought a potion of curing for 54 gold pieces
 69866 | Vaults:5 | Bought a potion of agility for 72 gold pieces
 69866 | Vaults:5 | Lost mutation: Scrolls take you a little longer to read. [potion of mutation]
 69866 | Vaults:5 | Lost mutation: You are mostly covered in slimy green scales. (AC +3) [potion of mutation]
 69866 | Vaults:5 | Lost mutation: You are partially covered in slimy green scales. (AC +2) [potion of mutation]
 69866 | Vaults:5 | Gained mutation: You are partially covered in molten scales. (AC +2) [potion of mutation]
 69866 | Vaults:5 | Gained mutation: One of your tentacles bears a spike. [potion of mutation]
 69866 | Vaults:5 | Gained mutation: Your muscles are strong. (Str +2) [potion of mutation]
 69885 | Vaults:5 | Found Hagrunt's Distillery.
 69894 | Vaults:5 | Bought a potion of heal wounds for 85 gold pieces
 69894 | Vaults:5 | Bought a potion of curing for 51 gold pieces
 69894 | Vaults:5 | Bought a potion of agility for 68 gold pieces
 69894 | Vaults:5 | Bought a potion of agility for 68 gold pieces
 69894 | Vaults:5 | Bought a potion of agility for 68 gold pieces
 69938 | Vaults:5 | Found Nuf Rank's Jewellery Shoppe.
 69942 | Vaults:5 | Got a silver rune of Zot
 69968 | Vaults:5 | Found Tavacky's Antique Weapon Shoppe.
 69968 | Vaults:5 | Found Nutiarak's Book Shoppe.
 69983 | Vaults:5 | Found Qeotul's Jewellery Shop.
 69987 | Vaults:5 | Bought a +4 ring of evasion for 540 gold pieces
 70246 | Vaults:5 | Found Woqetih's Magic Scroll Shoppe.
 70246 | Vaults:5 | Found Tiechaxaho's Magic Scroll Shop.
 70256 | Vaults:5 | Found Qigol's Food Emporium.
 70293 | Vaults:5 | Found Jootor's Distillery.
 70293 | Vaults:5 | Found Voje's Magic Scroll Shoppe.
 70297 | Vaults:5 | Bought a potion of might for 64 gold pieces
 70297 | Vaults:5 | Bought a potion of might for 64 gold pieces
 70585 | Depths:1 | Entered Level 1 of the Depths
 70776 | Depths:1 | Gained mutation: You expend magic power (3 MP) to strengthen your wands. [mutagenic meat]
 70777 | Depths:1 | Gained mutation: You are clumsy. (Dex -2) [mutagenic meat]
 70779 | Depths:1 | Gained mutation: You evolve. [mutagenic meat]
 70781 | Depths:1 | Lost mutation: You are clumsy. (Dex -2) [mutagenic meat]
 70782 | Depths:1 | Gained mutation: One of your tentacles bears a nasty spike. [mutagenic meat]
 70783 | Depths:1 | Gained mutation: Your magical capacity is low. (-10% MP) [mutagenic meat]
 70810 | Depths:1 | Found Vuteomi's Weapon Emporium.
 70844 | Depths:1 | Gained mutation: You are partially covered in iridescent scales. (AC +2) [evolution]
 70887 | Depths:1 | Found a runed door.
 70900 | Depths:1 | Gained mutation: You are clumsy. (Dex -2) [mutagenic meat]
 71049 | Depths:1 | Reached XP level 26. HP: 154/181 MP: 36/36
 71177 | Depths:1 | Reached skill level 17 in Stealth
 71216 | Depths:1 | Found a gateway to Hell.
 71320 | Depths:1 | Noticed the Enchantress
 71330 | Depths:1 | Killed the Enchantress
 71330 | Depths:1 | Reached skill level 5 in Necromancy
 71562 | Depths:2 | Lost mutation: You evolve. [potion of mutation]
 71562 | Depths:2 | Lost mutation: One of your tentacles bears a nasty spike. [potion of mutation]
 71562 | Depths:2 | Lost mutation: You expend magic power (3 MP) to strengthen your wands. [potion of mutation]
 71562 | Depths:2 | Lost mutation: Your magical capacity is low. (-10% MP) [potion of mutation]
 71562 | Depths:2 | Lost mutation: You are partially covered in iridescent scales. (AC +2) [potion of mutation]
 71562 | Depths:2 | Gained mutation: You are very clumsy. (Dex -4) [potion of mutation]
 71562 | Depths:2 | Gained mutation: You are partially covered in yellow scales. (AC +2) [potion of mutation]
 71637 | Depths:2 | Gained mutation: You evolve. [mutagenic meat]
 71638 | Depths:2 | Lost mutation: You evolve. [mutagenic meat]
 71643 | Depths:2 | Gained mutation: You are dopey. (Int -2) [mutagenic meat]
 71649 | Depths:2 | Gained mutation: You occasionally shout uncontrollably at your foes. [mutagenic meat]
 71655 | Depths:2 | Gained mutation: You have a pair of small antennae on your head. [mutagenic meat]
 71656 | Depths:2 | Lost mutation: You are very clumsy. (Dex -4) [mutagenic meat]
 71657 | Depths:2 | Lost mutation: You have a pair of small antennae on your head. [mutagenic meat]
 71666 | Depths:2 | Gained mutation: You passively map a small area around you. [mutagenic meat]
 71667 | Depths:2 | Gained mutation: You are very dopey. (Int -4) [mutagenic meat]
 71668 | Depths:2 | Gained mutation: Your flesh is cold resistant. (rC+) [mutagenic meat]
 71669 | Depths:2 | Lost mutation: You are clumsy. (Dex -2) [mutagenic meat]
 71673 | Depths:2 | Gained mutation: You tend to lose your temper in combat. [mutagenic meat]
 71675 | Depths:2 | Gained mutation: You sometimes yell uncontrollably at your foes. [mutagenic meat]
 71681 | Depths:2 | Lost mutation: One of your tentacles bears a spike. [mutagenic meat]
 71682 | Depths:2 | Lost mutation: You passively map a small area around you. [mutagenic meat]
 71686 | Depths:2 | Lost mutation: You tend to lose your temper in combat. [mutagenic meat]
 71820 | Depths:2 | Paralysed by a floating eye for 2 turns
 71846 | Depths:2 | Gained mutation: You are agile. (Dex +2) [mutagenic meat]
 71847 | Depths:2 | Lost mutation: You are agile. (Dex +2) [mutagenic meat]
 71901 | Depths:2 | Paralysed by a floating eye for 2 turns
 71962 | Depths:2 | Got a smoking scimitar
 71963 | Depths:2 | Identified the cursed +0 scimitar of Disarray {flame, +Rage rC++ rN+++ Dex-3} (You found it on level 2 of the Depths)
 72543 | Depths:3 | Found a one-way gate leading to the halls of Pandemonium.
 72634 | Depths:3 | Found a runed door.
 72675 | Depths:3 | Reached skill level 10 in Air Magic
 72717 | Depths:3 | Gained mutation: You are surrounded by a mild repulsion field. (EV +2) [mutagenic meat]
 72818 | Depths:3 | Reached XP level 27. HP: 150/189 MP: 41/41
 73215 | Depths:3 | Gained mutation: You tend to lose your temper in combat. [mutagenic meat]
 73216 | Depths:3 | Gained mutation: Your muscles are very strong. (Str +4) [mutagenic meat]
 73217 | Depths:3 | Lost mutation: Your muscles are very strong. (Str +4) [mutagenic meat]
 73218 | Depths:3 | Lost mutation: You tend to lose your temper in combat. [mutagenic meat]
 73257 | Depths:4 | Gained mutation: Your muscles are very strong. (Str +4) [mutagenic meat]
 73262 | Depths:4 | Lost mutation: You sometimes yell uncontrollably at your foes. [mutagenic meat]
 73263 | Depths:4 | Lost mutation: You are very dopey. (Int -4) [mutagenic meat]
 73274 | Depths:4 | Lost mutation: You are dopey. (Int -2) [mutagenic meat]
 73442 | Depths:4 | Found Yhij's Assorted Antiques.
 73471 | Depths:4 | Bought a scroll of teleportation for 78 gold pieces
 73868 | Depths:4 | Noticed a juggernaut
 73879 | Depths:4 | Killed a juggernaut
 73922 | Depths:4 | Reached skill level 18 in Stealth
 73941 | Depths:4 | Learned a level 6 spell: Dispersal
 73943 | Depths:4 | Lost mutation: You are surrounded by a mild repulsion field. (EV +2) [mutagenic meat]
 73944 | Depths:4 | Lost mutation: Your muscles are very strong. (Str +4) [mutagenic meat]
 73945 | Depths:4 | Lost mutation: You occasionally shout uncontrollably at your foes. [mutagenic meat]
 73946 | Depths:4 | Gained mutation: Your flesh is very cold resistant. (rC++) [mutagenic meat]
 74035 | Depths:4 | Gained mutation: You occasionally shout uncontrollably at your foes. [mutagenic meat]
 74036 | Depths:4 | Gained mutation: Your system is resistant to poisons. (rPois) [mutagenic meat]
 74037 | Depths:4 | Lost mutation: You occasionally shout uncontrollably at your foes. [mutagenic meat]
 74038 | Depths:4 | Gained mutation: Your body sometimes deteriorates upon taking damage. [mutagenic meat]
 74040 | Depths:4 | Lost mutation: Your body sometimes deteriorates upon taking damage. [mutagenic meat]
 74045 | Depths:4 | Gained mutation: Your natural rate of healing is unusually fast. [mutagenic meat]
 74047 | Depths:4 | Gained mutation: One of your tentacles bears a spike. [mutagenic meat]
 74050 | Depths:4 | Lost mutation: Your flesh is very cold resistant. (rC++) [mutagenic meat]
 74051 | Depths:4 | Gained mutation: You are partially covered in icy blue scales. (AC +2) [mutagenic meat]
 74053 | Depths:4 | Got a faintly glowing glass ring
 74054 | Depths:4 | Identified the ring "Qeor" {rPois rF+ rC+ MR+ Str-4} (You took it off a spriggan air mage on level 4 of the Depths)
 74059 | Depths:4 | Noticed a juggernaut
 74094 | Depths:4 | Got a crude golden ring
 74095 | Depths:4 | Identified the ring "Meifyp" {rN+ Dex+3} (You found it on level 4 of the Depths)
 74108 | Depths:4 | Killed a juggernaut
 74138 | Depths:4 | Found a one-way gate to the infinite horrors of the Abyss.
 74523 | Depths:4 | Reached skill level 10 in Evocations
 74613 | Depths:5 | Entered Level 5 of the Depths
 74648 | Depths:5 | Noticed a juggernaut
 74657 | Depths:5 | Killed a juggernaut
 74747 | Depths:5 | Reached skill level 10 in Polearms
 74747 | Depths:5 | Reached skill level 15 in Spellcasting
 74773 | Depths:5 | Found a flickering gateway to a bazaar.
 74801 | Bazaar   | Entered a bazaar
 74828 | Bazaar   | Found Rekk's General Store.
 74828 | Bazaar   | Found Zomainim's Distillery.
 74849 | Bazaar   | Found Awiggo Xure's General Store.
 74864 | Bazaar   | Found Guodi's General Store.
 74905 | Bazaar   | Bought a potion of agility for 44 gold pieces
 74905 | Bazaar   | Bought 2 scrolls of teleportation for 66 gold pieces
 74940 | Bazaar   | Bought a potion of haste for 140 gold pieces
 74940 | Bazaar   | Bought a potion of might for 56 gold pieces
 74940 | Bazaar   | Bought a potion of heal wounds for 70 gold pieces
 75088 | Depths:5 | Found a gateway to a ziggurat.
 75266 | Depths:5 | Found a gate to the Realm of Zot.
 75641 | Depths:5 | Got a transparent hat
 75652 | Depths:5 | Identified the -6 hat "Ohue" {MR+} (You acquired it on level 5 of the Depths)
 75668 | Hell     | Entered the Vestibule of Hell
 75668 | Hell     | Noticed Geryon
 75678 | Hell     | Found a gateway to the freezing wastes of Cocytus.
 75690 | Hell     | Reached skill level 10 in Necromancy
 75952 | Hell     | Found a gateway to the decaying netherworld of Tartarus.
 76032 | Hell     | Killed Geryon
 76156 | Hell     | Found a gateway to the Iron City of Dis.
 76368 | Hell     | Found a gateway to the ashen valley of Gehenna.
 76452 | Tar:1    | Entered Level 1 of Tartarus
 77355 | Tar:4    | Reached skill level 19 in Stealth
 77870 | D:15     | Noticed krfreak's ghost (adept MiNe)
 77883 | D:15     | Killed krfreak's ghost
 78131 | Elf:3    | Got a slimy war axe {holy}
 78132 | Elf:3    | Identified the +5 war axe of the Rat {holy, rPois rF- SInv Stlth+} (You took it off a deep elf annihilator on level 3 of the Elven Halls)
 79064 | Tar:7    | Entered Level 7 of Tartarus
 79301 | Tar:7    | Reached skill level 10 in Translocations
 79958 | Tar:7    | Identified Kikkesun's Almanac of Flight and Displacement
 80463 | Tar:7    | Reached skill level 20 in Stealth
 80582 | Tar:7    | Learned a level 1 spell: Apportation
 80732 | Tar:7    | Got a shimmering silver ring
 80733 | Tar:7    | Identified the ring "Noss" {Wiz rF+ Str+4} (You found it on level 7 of Tartarus)
 80887 | Tar:7    | Noticed Ereshkigal
 80913 | Tar:7    | Killed Ereshkigal
 80964 | Tar:7    | Got a bone rune of Zot
 81361 | Tar:7    | Reached skill level 15 in Air Magic
 81529 | Tar:7    | Identified Zerucu Xopp's Disquisition on Aid and Shape Shifting
 81772 | Tar:7    | Got a vibrating marble ring
 81773 | Tar:7    | Identified the ring "Hiwn" {rN+ Dex+2} (You found it on level 7 of Tartarus)
 81806 | Tar:7    | Learned a level 3 spell: Regeneration
 82077 | Dis:1    | Entered Level 1 of the Iron City of Dis
 82545 | Vaults:5 | Bought a scroll of blinking for 105 gold pieces
 82545 | Vaults:5 | Bought a scroll of blinking for 105 gold pieces
 82552 | Vaults:5 | Bought a scroll of blinking for 142 gold pieces
 82552 | Vaults:5 | Bought a scroll of teleportation for 57 gold pieces
 82597 | Vaults:4 | Bought a scroll of teleportation for 66 gold pieces
 82597 | Vaults:4 | Bought a scroll of teleportation for 66 gold pieces
 82597 | Vaults:4 | Bought a scroll of blinking for 165 gold pieces
 82597 | Vaults:4 | Bought a scroll of blinking for 165 gold pieces
 82597 | Vaults:4 | Bought a scroll of magic mapping for 77 gold pieces
 82597 | Vaults:4 | Bought a scroll of magic mapping for 77 gold pieces
 82597 | Vaults:4 | Bought a scroll of magic mapping for 77 gold pieces
 82597 | Vaults:4 | Bought a scroll of magic mapping for 77 gold pieces
 82636 | Vaults:5 | Bought a scroll of teleportation for 45 gold pieces
 82643 | Vaults:5 | Bought a potion of haste for 160 gold pieces
 82643 | Vaults:5 | Bought a potion of haste for 160 gold pieces
 82643 | Vaults:5 | Bought a potion of haste for 160 gold pieces
 82643 | Vaults:5 | Bought a potion of agility for 64 gold pieces
 82643 | Vaults:5 | Bought a potion of curing for 48 gold pieces
 82643 | Vaults:5 | Bought a potion of curing for 48 gold pieces
 82706 | Vaults:3 | Bought a potion of curing for 54 gold pieces
 82706 | Vaults:3 | Bought a potion of curing for 54 gold pieces
 82706 | Vaults:3 | Bought a potion of curing for 54 gold pieces
 83119 | Geh:1    | Entered Level 1 of Gehenna
 83725 | Geh:6    | Reached skill level 21 in Stealth
 83739 | Geh:7    | Entered Level 7 of Gehenna
 83916 | Geh:7    | Gained mutation: Your magical capacity is low. (-10% MP) [mutagenic glow]
 84126 | Geh:7    | Noticed Asmodeus
 84436 | Geh:7    | Killed Asmodeus
 84436 | Geh:7    | Reached skill level 10 in Summonings
 84481 | Geh:7    | Got an obsidian rune of Zot
 85593 | Dis:2    | Gained mutation: Your spells are a little easier to cast, but a little less powerful. [mutagenic glow]
 85612 | Dis:2    | Gained mutation: You are clumsy. (Dex -2) [mutagenic glow]
 86124 | Dis:6    | Reached skill level 15 in Necromancy
 86461 | Dis:7    | Entered Level 7 of the Iron City of Dis
 86913 | Dis:7    | Reached skill level 22 in Stealth
 87221 | Dis:7    | Reached skill level 15 in Evocations
 87905 | Dis:7    | Killed from afar by a Brimstone Fiend

Vault maps used:
D:1:      evilmike_arrival_plus, hangedman_decor_lopped
D:2:      wad_floor_pattern_untrapped, uniq_natasha, uniq_robin, uniq_sigmund
D:3:      old_standard_altar, eat_drink_and_be_merry_uskayaw
D:4:      wad_woods_tower, serial_corexii_hall, corexii_hall_statues_x,
          corexii_hall_statues_x, dk_vineyard_3, roderic_cross_of_infinity,
          st_stairs_5, uniq_duvessa
D:5:      okawaru_trees_2, minmay_temple_entry_purple_smoke, basic_altar,
          first_bread, serial_aquarium, aquarium_bridge_long_joined,
          aquarium_window_1, aquarium_window_2, aquarium_window_3,
          aquarium_window_fake, aquarium_view_2d, aquarium_view_2e,
          aquarium_balcony_double_1, serial_shops,
          nicolae_shop_competitors_out_of_business, minmay_strange_pillars,
          uniq_menkaure
D:6:      lemuel_doored_altar, chequers_temple_overflow_minitemple,
          roderic_serpentine_path
D:7:      hangedman_decor_riveting, the_bakery
D:8:      nicolae_overflow_hidden_temple, lair_entry_dummy, serial_shops,
          nicolae_shop_behind_doors
D:9:      nicolae_gozag_cash_rules_everything_around_me, serial_shops, shop,
          uniq_maurice
D:10:     grunt_ministairs_5
D:12:     minmay_orc_entry_guard_dogs
D:13:     lightli_vaults_fourway_checkpoint, serial_shops, shop,
          minmay_misc_feat_iff, eino_house_with_fridge, uniq_rupert, uniq_snorg
D:14:     enter_bailey_7, portal_ice_cave_rime
D:15:     grunt_enter_depths_magical_seal, serial_park_gazebo, serial_glass,
          glass_columns_b, glass_columns_b, item_on_display_b
Temple:   nicolae_temple_god_jail
Lair:1:   beast_lair_carwin_large_1, basic_altar, nicolae_quartered_pool_super
Lair:2:   serial_forest, infiniplex_forest_pool, infiniplex_forest_clump_medium,
          infiniplex_forest_straight_2, infiniplex_forest_lined_room_3,
          grunt_forest_small_clearings, small_statue_intersection,
          disabler_island
Lair:3:   elwin_shoals_entry_stream
Lair:4:   guppyfry_snake_entry_garden
Lair:5:   slime_altar_1
Lair:6:   hangedman_lair_in_review, hangedman_lair_caniforms_friends
Shoals:2: serial_shops, shop
Shoals:3: uniq_jorgrun
Shoals:4: shoals_end_grunt_ice, shoals_ilsuiw_alternative
Snake:1:  grunt_megastairs_2
Snake:2:  dpeg_oklob_gauntlet, st_stairs_4, grunt_megastairs_4
Snake:3:  uniq_vashnia
Snake:4:  minmay_snake_end_coiled, serial_shops, bzr_firewalk, spider_trap,
          minmay_shop_star
Orc:1:    bloody_trog
Orc:2:    pubby_orc_utopia
Elf:1:    serial_shops, shop, minmay_elf_sorcery, corexii_hall_statues_l,
          minmay_shop_grove
Elf:2:    serial_shops, bzr_entry_safe
Elf:3:    grunt_elf_hall_diamonds, serial_shops, shop, basic_stair_grate_trap
Vaults:1: v_rooms_2, hangedman_vaults_locks, v_alt_pattern_3,
          vaults_room_corners, grunt_vaults_diagonal
Vaults:2: vaults_mumra_minichess, vaults_mumra_hex, nicolae_vaults_meeting,
          nicolae_vaults_little_squares_6, ontoclasm_vaults_ligature,
          vaults_room_pool, hangedman_vaults_snaps, grunt_vaults_funnel,
          ontoclasm_vaults_spin, hangedman_vaults_corner_blocks,
          nicolae_vaults_network_quinsquares, vaults_room_stairs_pillars,
          nicolae_vaults_angled_halls, ontoclasm_vaults_decontamination
Vaults:3: minmay_crypt_entry_simple_statues, nicolae_vaults_ninety_degrees,
          nicolae_vaults_network_star, st_cells,
          nicolae_vaults_little_squares_3, v_misc_3, serial_ice_g,
          grunt_vaults_swirl, hangedman_vaults_capsules, serial_shops, shop,
          portal_desolation_entry_salt
Vaults:4: v_misc_33, nicolae_vaults_rhombus_7, v_alt_pattern_2, v_misc_14,
          vaults_room_semicircle, nicolae_vaults_three_branches,
          vaults_room_hallway, vaults_room_stairs_pillars, grunt_vaults_focal,
          vaults_dpeg_spiral, vaults_standard_mumra_x,
          ontoclasm_vaults_loading_screen, nicolae_vaults_gold_heap,
          serial_shops, nicolae_shop_statue_plus
Crypt:1:  serial_sigils_hangedman_scratch, serial_sigils_hangedman_etch,
          minivault_26, nicolae_crypt_ancient_font, grunt_crypt_arrival_webbed
Crypt:2:  uniq_boris
Crypt:3:  david_glass_crypt, nicolae_crypt_small_crypt
Depths:1: serial_shops, nicolae_shop_crystal, grunt_mini_vestibule, wad_hexagon,
          uniq_enchantress
Depths:2: minmay_expanding_squares, nicolae_water_bricks, hell_entry,
          stair_cage_line, hangedman_abyss_or_decor_jellyfish_corner
Depths:3: hangedman_elemental_death_ray, infiniplex_staircase_pool_2,
          pf_coc_iceberg, pan_entry, lightli_gold_pyramid, serial_bayou_shore_a
Depths:4: minmay_tile_spiral, serial_shops, shop, hangedman_geh_valley,
          minmay_door_square, abyss_entry, kennysheep_random_hallway
Depths:5: grunt_zot_entry_bicorn, enter_ziggurat_d, special_room, serial_shops,
          bzr_entry_islet, grunt_hell_entry_dis_old, grunt_megastairs_3
Dis:4:    lemuel_mystery_crypt, grunt_megastairs_1
Dis:5:    hangedman_dis_chains
Dis:7:    iron_city_of_dis
Geh:7:    geh_grunt
Tar:3:    lemuel_elevator
Tar:4:    nicolae_tar_cuneiform_city, nicolae_tar_cuneiform_not
Tar:5:    nicolae_tar_cuneiform_not, nicolae_tar_cuneiform_bread,
          lemuel_nasty_fountain
Tar:7:    tar_mu
Bazaar:   bazaar_jpeg_circle_common, bazaar_minmay_trees, bazaar_long_row
Bailey:   bailey_axe_1, bailey
IceCv:    ice_cave_small_giant

Skill      XL: |  1  2  3  4  5  6  7  8  9 10 11 12 13 14 15 16 17 18 19 20 21 22 23 24 25 26 27 |
---------------+----------------------------------------------------------------------------------+-----
Stealth        | 4 7 8 10 11 12 13 14 15 16 17 22 | 22.4
Invocations    | 1 4 7 9 11 12 13 14 15 16 19 | 19.0
Dodging        | 4 5 6 7 8 9 10 11 12 13 14 16 17 | 17.7
Fighting       | 3 5 6 7 8 9 10 11 12 13 14 15 18 | 18.7
Spellcasting   | 3 5 6 7 8 10 12 13 14 19 | 19.5
Conjurations   | 2 3 |  3.4
Air Magic      | 2 4 5 8 9 10 15 | 15.5
Poison Magic   | 3 4 5 7 8 |  8.4
Shields        | 2 6 9 11 12 14 15 16 | 16.6
Evocations     | 6 7 8 15 | 15.1
Slings         | 7 9 10 11 12 | 12.0
Transmutations | 4 6 7 8 11 13 | 13.2
Fire Magic     | 3 5 6 |  6.2
Translocations | 4 5 7 10 | 10.5
Summonings     | 4 5 7 13 | 13.0
Charms         | 3 6 8 |  8.0
Polearms       | 3 6 8 12 | 12.0
Earth Magic    | 4 9 11 | 11.8
Necromancy     | 4 7 16 | 16.0
Short Blades   | |  1.0

Action                   |  1- 3 |  4- 6 |  7- 9 | 10-12 | 13-15 | 16-18 | 19-21 | 22-24 | 25-27 || total
-------------------------+-------+-------+-------+-------+-------+-------+-------+-------+-------++-------
Melee: Short sword       |    11 |    56 |     6 |       |       |       |       |       |       ||    73
       Constrict         |     3 |    13 |    76 |    46 |   167 |    71 |    73 |   223 |   605 ||  1277
       Tentacles         |     3 |    10 |    59 |    66 |   263 |   122 |   226 |   579 |  1691 ||  3019
       Dagger            |       |       |   340 |    84 |       |       |       |       |       ||   424
       Rapier            |       |       |       |   256 |  1127 |   455 |   114 |       |       ||  1952
       Demon trident     |       |       |       |       |       |       |   465 |  1427 |  4534 ||  6426
       Kick              |       |       |       |       |       |       |   299 |    99 |  2106 ||  2504
       War axe           |       |       |       |       |       |       |       |       |    50 ||    50
 Fire: Hunting sling     |       |       |       |       |    13 |  1657 |  1687 |   441 |    12 ||  3810
Throw: Stone             |       |       |       |       |       |       |       |     1 |       ||     1
 Cast: Mephitic Cloud    |       |       |       |       |    10 |    13 |    26 |    13 |    15 ||    77
       Blink             |       |       |       |       |       |     1 |     2 |     1 |     6 ||    10
       Ignite Poison     |       |       |       |       |       |     1 |       |     2 |       ||     3
       Summon Lightning  |       |       |       |       |       |       |     4 |       |     4 ||     8
       Summon Forest     |       |       |       |       |       |       |     1 |     4 |     5 ||    10
       Statue Form       |       |       |       |       |       |       |       |    33 |   173 ||   206
       Deflect Missiles  |       |       |       |       |       |       |       |     2 |     2 ||     4
       Aura of Abjuratio |       |       |       |       |       |       |       |       |    21 ||    21
       Control Undead    |       |       |       |       |       |       |       |       |    67 ||    67
       Regeneration      |       |       |       |       |       |       |       |       |    35 ||    35
       Apportation       |       |       |       |       |       |       |       |       |     1 ||     1
       Dispersal         |       |       |       |       |       |       |       |       |     1 ||     1
Invok: Fungal Bloom      |       |       |    48 |    44 |   113 |   117 |    81 |    69 |    62 ||   534
       Evolution         |       |       |     3 |    10 |    18 |     9 |    10 |     8 |     7 ||    65
       Sunlight          |       |       |       |     5 |     3 |     1 |     4 |       |       ||    13
       Reproduction      |       |       |       |     3 |     4 |     4 |     3 |       |       ||    14
       Growth            |       |       |       |     1 |     1 |     1 |     1 |     2 |     3 ||     9
       Rain              |       |       |       |       |       |     2 |     6 |     2 |     7 ||    17
 Abil: Evoke Invisibilit |       |       |       |       |       |     1 |     1 |       |       ||     2
       Evoke Blink       |       |       |       |       |       |       |     1 |     1 |       ||     2
Evoke: Wand              |     1 |    16 |    29 |    16 |    55 |    18 |    39 |     7 |    15 ||   196
       Lamp of fire      |       |       |       |       |     1 |     2 |     2 |     4 |     8 ||    17
       Lightning rod     |       |       |       |       |       |     8 |    11 |     5 |     4 ||    28
       Sack of spiders   |       |       |       |       |       |       |     1 |     1 |       ||     2
       Box of beasts     |       |       |       |       |       |       |       |     1 |     1 ||     2
       Phantom mirror    |       |       |       |       |       |       |       |       |     1 ||     1
  Use: Potion            |     1 |       |     1 |    11 |    16 |    10 |    15 |    16 |    23 ||    93
       Scroll            |       |       |    17 |     6 |    20 |     4 |    12 |    20 |    35 ||   114
 Stab: Sleeping          |     3 |     6 |    29 |    40 |    98 |    19 |    28 |    46 |   104 ||   373
       Betrayed ally     |       |       |     2 |       |       |       |       |       |     4 ||     6
       Confused          |       |       |     1 |     2 |    20 |    12 |     1 |    10 |    12 ||    58
       Distracted        |       |       |     2 |     4 |     6 |     3 |     6 |    11 |    74 ||   106
       Paralysed         |       |       |     1 |     1 |     1 |       |       |       |       ||     3
       Invisible         |       |       |       |       |     3 |       |       |       |     1 ||     4
  Eat: Chunk             |       |     1 |     3 |    11 |    14 |    22 |    32 |     9 |    94 ||   186
       Royal jelly       |       |       |     4 |     3 |     5 |    11 |    14 |       |       ||    37
       Bread ration      |       |       |     1 |     1 |       |       |     2 |    13 |    16 ||    33
       Meat ration       |       |       |       |     1 |     5 |       |     1 |       |     7 ||    14
Armor: Skin              |     1 |     4 |    94 |    82 |    82 |    71 |    21 |   258 |   911 ||  1524
Dodge: Dodged            |     2 |    22 |   209 |   310 |   747 |   548 |   496 |  1549 |  5867 ||  9750
       Deflected         |       |       |       |       |       |       |       |     5 |    11 ||    16
Block: Shield            |       |       |       |       |   888 |  1189 |  1331 |  1717 |  4264 ||  9389
       Reflection        |       |       |       |       |     8 |   156 |   158 |     9 |       ||   331
